 Dungeon Crawl Stone Soup version 0.30.1-4-g462c640d31 (webtiles) character file.

Game seed: 14141312474922271319

97877 monsoonserge the Brawler (level 15, -3/161 HPs)
             Began as a Troll Fighter on Aug 10, 2023.
             Was the Champion of Wu Jian.
             Slain by a naga
             ... wielding a +0 trident
              (18 damage)
             ... on level 3 of the Snake Pit.
             The game lasted 01:23:25 (21336 turns).

monsoonserge the Brawler (Troll Fighter)           Turns: 21336, Time: 01:23:25

Health: -3/161     AC: 10    Str: 34    XL:     15   Next: 73%
Magic:  0/14       EV: 16    Int:  5    God:    Wu Jian [******]
Gold:   4323       SH: 12    Dex:  9    Spells: 14/14 levels left

rFire   + .          .
                       - Unarmed
rCold   . . .        b - +0 kite shield
rNeg    . . .        M - +2 troll leather armour {Snorg}
rPois   +            (helmet restricted)
rElec   .            U - +1 cloak {rF+}
rCorr   .            (gloves unavailable)
SInv    .            (boots unavailable)
Will    +....        g - amulet of guardian spirit
Stlth   +            k - +5 ring of evasion
HPRegen 2.06/turn    E - ring "Tomingai" {+Blink rPois Str+6 Int-5}
MPRegen 0.14/turn

%: guardian spirit
@: lethally poisoned (-3 -> -3), hasted, very quick
A: large, unfitting armour, claws 3, regeneration 1, shaggy fur 1, tough skin 1
a: Renounce Religion, Evoke Blink, Wall Jump, Serpent's Lash, Heavenly Storm


You were on level 3 of the Snake Pit.
You worshipped Wu Jian.
Wu Jian was exalted by your worship.
You visited 6 branches of the dungeon, and saw 24 of its levels.
You also visited: Ice Cave and Volcano.

You collected 4622 gold pieces.
You spent 299 gold pieces at shops.

Inventory:

Missiles
 l - 12 javelins
 v - 4 curare-tipped darts
 A - 22 poisoned darts
 G - 15 boomerangs (quivered)
 J - 2 throwing nets
 L - 23 large rocks
 Y - 4 atropa-tipped darts
Armour
 b - a +0 kite shield (worn)
 o - a +2 robe of willpower
 M - a +2 troll leather armour (worn) {Snorg}
 O - +0 acid dragon scales
 U - a +1 cloak of fire resistance (worn)
Jewellery
 g - an amulet of guardian spirit (around neck)
 k - a +5 ring of evasion (left claw)
 p - a ring of positive energy
 E - the ring "Tomingai" (right claw) {+Blink rPois Str+6 Int-5}
   (You found it on level 7 of the Dungeon)

   [ring of strength]

   Str:       It affects your strength (+6).
   Int:       It affects your intelligence (-5).
   rPois:     It protects you from poison.
   +Blink:    It lets you blink.
 P - a ring of protection from cold
Wands
 t - a wand of iceblast (25)
 y - a wand of polymorph (8)
 D - a wand of charming (11)
 Q - a wand of flame (17)
 V - a wand of digging (6)
 X - a wand of light (6)
Scrolls
 a - 2 scrolls of summoning
 e - a scroll of vulnerability {unknown}
 f - 2 scrolls of immolation {unknown}
 i - 11 scrolls of teleportation
 j - 4 scrolls of enchant armour
 m - 3 scrolls of identify
 u - 5 scrolls of fear
 w - 2 scrolls of blinking
 x - 5 scrolls of amnesia
 H - 5 scrolls of magic mapping
 I - a scroll of enchant weapon {unknown}
 N - a scroll of fog {unknown}
 S - a scroll of torment {unknown}
 T - 4 scrolls of silence
Potions
 c - 6 potions of might
 d - 4 potions of lignification
 h - 12 potions of curing {unknown}
 n - 6 potions of magic
 q - 5 potions of brilliance
 r - 7 potions of heal wounds
 s - 7 potions of invisibility
 z - 2 potions of resistance
 B - 2 potions of ambrosia
 C - 3 potions of haste
 K - 2 potions of mutation
 W - 4 potions of attraction
Miscellaneous
 F - a tin of tremorstones (1/2)
 R - a phantom mirror
 Z - a phial of floods


   Skills:
 + Level 13.4 Fighting
 - Level 10.0 Dodging
 + Level 13.6 Shields
 * Level 16.1 Unarmed Combat


You had 14 spell levels left.
You didn't know any spells.
Your spell library contained the following spells:

 Spells                   Type           Power      Damage    Failure   Level
 Apportation              Tloc           0%         N/A       63%         1
 Necrotise                Necr           0%         1d4       63%         1
 Shock                    Conj/Air       0%         1d3       63%         1
 Blink                    Tloc           0%         N/A       77%         2
 Lesser Beckoning         Tloc           0%         N/A       77%         2
 Momentum Strike          Conj/Tloc      0%         3d8       77%         2
 Poisonous Vapours        Pois/Air       0%         N/A       77%         2
 Static Discharge         Conj/Air       0%         2-2/arc   77%         2
 Gell's Gravitas          Tloc           0%         N/A       94%         3
 Hailstorm                Conj/Ice       0%         3d3       94%         3
 Mephitic Cloud           Conj/Pois/Air  0%         N/A       94%         3
 Teleport Other           Tloc           0%         N/A       94%         3
 Vampiric Draining        Necr           0%         2d6       94%         3
 Ice Form                 Ice/Tmut       0%         N/A       100%        4
 Manifold Assault         Tloc           0%         N/A       100%        4
 Agony                    Necr           0%         N/A       100%        5
 Alistair's Intoxication  Tmut/Pois      0%         N/A       100%        5
 Borgnjor's Vile Clutch   Necr/Erth      0%         N/A       100%        5
 Freezing Cloud           Conj/Ice/Air   0%         6-21      100%        5
 Eringya's Noxious Bog    Tmut/Pois      0%         N/A       100%        6
 Simulacrum               Ice/Necr       0%         N/A       100%        6
 Storm Form               Tmut/Air       0%         N/A       100%        7


Dungeon Overview and Level Annotations

Branches:
Dungeon (12/15)            Temple (1/1) D:5            Lair (5/5) D:11
 Shoals (0/4) Lair:3        Snake (3/4) Lair:3        Slime (0/5) Lair:5
    Orc (2/2) D:11            Elf (1/3) Orc:2         IceCv (visited)
Volcano (visited)

Altars:
Ashenzari
Cheibriados
Dithmenos
Elyvilon
Fedhas
Gozag
Hepliaklqana
Kikubaaqudgha
Makhleb
Okawaru
Ru
Sif Muna
Trog
Uskayaw
Vehumet
Wu Jian
Xom
Yredelemnul
Zin
The Shining One
Lugonu

Shops:
D:4 *   D:11 =*   Orc:2 (??(

Portals:
Abyss: D:3

Annotations:
D:10 3 runed translucent doors, croobank's ghost, journeyman OpDe; spardeous's ghost, journeyman DgCj; spardeous's ghost, novice DgCj; zzuzz's ghost, journeyman TrTm
D:12 jujuben's ghost, journeyman OpFE
Snake:3 Aizul


Innate Abilities, Weirdness & Mutations

You are too large for most types of armour.
You have claws for hands.
Your natural rate of healing is unusually fast.
You are covered in fur. (AC +1)
You have tough skin. (AC +1)


Message History

Unknown command.
You scratch the naga.
The naga is lightly wounded.
You feel sick. The naga hits you with a +0 trident!! The naga constricts you.
* * * LOW HITPOINT WARNING * * *
Aizul hits you!!
* * * LOW HITPOINT WARNING * * *
Unknown command.
Unknown command.
You escape the naga's grasp.
Aiming: Wall Jump
Press: ? - help, Dir - move target You feel very sick.
Aizul casts a spell at you.
You fall asleep.
Aizul casts a spell at you. The poison arrow hits you!
You are more poisoned.
You partially resist.
You wake up.
* * * LOW HITPOINT WARNING * * *
Unknown command.
You feel yourself speed up.
You feel very sick. You block Aizul's attack. The naga misses you.
You spin and attack Aizul.
You closely miss Aizul.
Aizul is severely wounded.
You feel sick. Aizul barely misses you. The naga closely misses you.
You block the naga's attack.
You spin and attack Aizul repeatedly.
You barely miss Aizul.
Aizul is severely wounded.
You completely miss Aizul.
Aizul is severely wounded.
You spin and attack the naga.
You claw the naga!
The naga is moderately wounded.
You feel sick. Aizul hits you!
* * * LOW HITPOINT WARNING * * *
Aizul attacks as you move away! Aizul hits you but does no damage.
You feel sick.
The naga hits you from afar with a +0 trident!!
You die...

#######
#.....#
#.#...#
#..NS.#
##.#.@#
###.##
....
#.##..#
# #...
##.#.
...


You could see Aizul and a naga.

Vanquished Creatures
  A nagaraja (Snake:2)
  Nessos (D:12)
  Snorg (D:11)
  6 hydras
  4 ogre magi (Orc:2)
  A catoblepas (Lair:5)
  2 boulder beetles
  An anaconda (Snake:1)
  13 two-headed ogres (Orc:2)
  3 naga warriors
  A dancing weapon (Elf:1)
  4 naga sharpshooters
  Urug (D:11)
  An orc high priest (Orc:2)
  3 shock serpents (Snake:2)
  6 skysharks
  Lodul (D:11)
  2 goliath frogs (Lair:5)
  5 lindwurms
  A mana viper (Snake:2)
  An orc knight (Orc:2)
  A deep elf zephyrmancer (Elf:1)
  A manticore (D:12)
  2 ugly things (IceCv)
  7 deep elf pyromancers
  2 orc sorcerers
  4 salamanders
  Maurice (D:8)
  7 cyclopes
  3 ice statues (IceCv)
  7 naga magi
  12 black mambas
  A guardian serpent (Snake:2)
  Joseph (Lair:1)
  4 gargoyles
  Maggie (D:6)
  A molten gargoyle (Volcano)
  A torpor snail (Lair:1)
  16 cane toads
  A kobold demonologist (D:11)
  2 unseen horrors
  6 rime drakes
  7 komodo dragons
  2 ice devils (Lair:2)
  3 trolls
  3 polar bears
  A tyrant leech (Lair:5)
  Grinder (D:3)
  17 blink frogs
  5 dream sheep (Lair:4)
  A snapping turtle (Lair:3)
  2 wraiths
  7 wyverns
  4 basilisks
  2 fire elementals (Volcano)
  45 yaks
  A steam dragon (D:8)
  Grum (Lair:1)
  A death yak simulacrum (IceCv)
  14 vampire mosquitoes
  3 wargs (Orc:2)
  2 acid dragons
  21 nagas
  2 hydra simulacra (IceCv)
  14 water moccasins
  23 orc warriors
  5 ice beasts
  43 ogres
  32 wolves
  2 centaurs
  2 kobold brigands
  13 bullfrogs
  2 scorpions
  3 cane toad simulacra (IceCv)
  A gnoll sergeant (D:5)
  20 wights
  9 killer bees
  A howler monkey (D:11)
  11 electric eels
  2 hounds
  6 jellies
  2 gnoll boudas
  27 orc priests
  Crazy Yiuf (D:2)
  4 sleepcaps
  Ijyb (D:4)
  5 iguanas
  Natasha (thrice) (D:2)
  16 orc wizards
  7 hell rats (Lair:3)
  A polar bear simulacrum (IceCv)
  2 wolf simulacra (IceCv)
  Robin (D:3)
  18 gnolls
  6 adders
  A shadow imp (D:8)
  A worm (D:3)
  3 dart slugs
  104 orcs
  10 endoplasms
  4 giant cockroaches
  19 goblins
  13 hobgoblins
  12 jackals
  18 kobolds
  4 quokkas
  7 ball pythons
  3 bats
  5 frilled lizards
  4 rats
776 creatures vanquished.

Vanquished Creatures (others)
  A vampire mosquito (D:11)
  2 orc wizards (D:11)
  An orc (Orc:2)
4 creatures vanquished.

Grand Total: 780 creatures vanquished

Notes
Turn   | Place    | Note
-------+----------+-------------------------------------------
     0 | D:1      | monsoonserge the Troll Fighter began the quest for the Orb.
     0 | D:1      | Reached XP level 1. HP: 22/22 MP: 0/0
   210 | D:1      | Found a faded altar of an unknown god.
   254 | D:1      | Reached XP level 2. HP: 28/29 MP: 1/1
   551 | D:1      | Reached XP level 3. HP: 36/36 MP: 2/2
  1054 | D:2      | Noticed Natasha
  1064 | D:2      | Killed Natasha
  1065 | D:2      | Reached skill level 3 in Unarmed Combat
  1065 | D:2      | Reached XP level 4. HP: 41/45 MP: 3/3
  1070 | D:2      | Noticed Natasha
  1076 | D:2      | Killed Natasha
  1083 | D:2      | Noticed Natasha
  1096 | D:2      | Killed Natasha
  1181 | D:2      | Reached XP level 5. HP: 53/53 MP: 4/4
  1270 | D:2      | Got the Compilation of the Desert
  1387 | D:2      | Found a runed translucent door.
  1388 | D:2      | Noticed Crazy Yiuf
  1550 | D:2      | Killed Crazy Yiuf
  1555 | D:2      | Identified the +10 hammer of Gueji {freeze, rF+ Int+2}
  1726 | D:3      | Noticed Grinder
  1749 | D:3      | Reached XP level 6. HP: 7/62 MP: 5/5
  1759 | D:3      | Killed Grinder
  1760 | D:3      | Reached skill level 4 in Unarmed Combat
  1939 | D:3      | Found a large runed translucent door.
  1939 | D:3      | Found a large runed translucent door.
  1942 | D:3      | Found a corrupted altar of Lugonu.
  2157 | D:3      | Found a one-way gate to the infinite horrors of the Abyss.
  2572 | D:4      | Noticed Robin
  2616 | D:3      | Killed Robin
  2622 | D:3      | Reached XP level 7. HP: 66/70 MP: 6/6
  2909 | D:4      | Found Socheuta's Elemental Accessories.
  2961 | D:4      | Reached skill level 5 in Shields
  2969 | D:4      | Reached skill level 5 in Unarmed Combat
  3476 | D:4      | Noticed Ijyb
  3491 | D:4      | Killed Ijyb
  3659 | D:5      | Entered Level 5 of the Dungeon
  3705 | D:5      | Found a staircase to the Ecumenical Temple.
  3720 | Temple   | Entered the Ecumenical Temple
  3765 | Temple   | Became a worshipper of the Wu Jian Council
  3802 | D:5      | Reached skill level 5 in Fighting
  3835 | D:5      | Reached XP level 8. HP: 80/80 MP: 7/7
  4107 | D:5      | Reached skill level 6 in Unarmed Combat
  4552 | D:6      | Noticed Maggie
  4573 | D:6      | Killed Maggie
  4776 | D:6      | Reached * piety under Wu Jian
  4845 | D:6      | Found a snail-covered altar of Cheibriados.
  4974 | D:6      | Reached skill level 7 in Unarmed Combat
  5063 | D:6      | Reached XP level 9. HP: 89/89 MP: 8/8
  5470 | D:7      | Identified the ring "Tomingai" {+Blink rPois Str+6 Int-5}
  5855 | D:7      | Reached skill level 8 in Unarmed Combat
  6177 | D:8      | Reached XP level 10. HP: 81/102 MP: 9/9
  6202 | D:8      | Identified the +0 ring mail of the Evening Star {rC- rN+
                  | Will+ Str+5}
  6557 | D:8      | Reached ** piety under Wu Jian
  6627 | D:8      | Noticed Maurice
  6639 | D:8      | Killed Maurice
  7287 | D:9      | Reached skill level 5 in Dodging
  7484 | D:9      | Reached skill level 9 in Unarmed Combat
  7487 | D:9      | Reached *** piety under Wu Jian
  8153 | D:10     | Entered Level 10 of the Dungeon
  8403 | D:10     | Found a runed translucent gate.
  8403 | D:10     | Found a runed translucent gate.
  8403 | D:10     | Found a runed translucent gate.
  8403 | D:10     | Noticed croobank's ghost (journeyman OpDe)
  8403 | D:10     | Noticed spardeous's ghost (novice DgCj)
  8404 | D:10     | Noticed zzuzz's ghost (journeyman TrTm)
  8404 | D:10     | Noticed spardeous's ghost (journeyman DgCj)
  8596 | D:10     | Noticed a cyclops
  8602 | D:10     | Killed a cyclops
  8879 | D:10     | Noticed a lindwurm
  8909 | D:10     | Noticed a lindwurm
  8909 | D:10     | Noticed a lindwurm
  8911 | D:10     | Noticed a lindwurm
  8972 | D:11     | Reached XP level 11. HP: 53/111 MP: 10/10
  9201 | D:11     | Noticed Snorg
  9215 | D:11     | Killed Snorg
  9280 | D:11     | Found Kiehyerch's Assorted Antiques.
  9355 | D:11     | Noticed Lodul
  9395 | D:11     | Killed Lodul
  9441 | D:11     | Noticed Urug
  9456 | D:11     | Killed Urug
  9457 | D:11     | Reached skill level 10 in Unarmed Combat
  9554 | D:11     | Reached **** piety under Wu Jian
  9555 | D:11     | Found Bumeschaf's Jewellery Shoppe.
  9648 | D:11     | Found a staircase to the Lair.
  9708 | D:11     | Noticed a boulder beetle
  9722 | D:11     | Killed a boulder beetle
  9834 | D:11     | Found a staircase to the Orcish Mines.
 10049 | Lair:1   | Entered Level 1 of the Lair of Beasts
 10068 | Lair:1   | Reached skill level 10 in Shields
 10134 | Lair:1   | Noticed Joseph
 10149 | Lair:1   | Killed Joseph
 10150 | Lair:1   | Reached XP level 12. HP: 115/123 MP: 11/11
 10328 | Lair:1   | Noticed Grum
 10343 | Lair:1   | Reached ***** piety under Wu Jian
 10346 | Lair:1   | Killed Grum
 10349 | Lair:1   | Reached skill level 11 in Unarmed Combat
 10959 | Lair:2   | Noticed a seven-headed hydra
 10970 | Lair:2   | Killed an eight-headed hydra
 11124 | Lair:2   | Found a frozen archway.
 11186 | Lair:2   | Identified 2 scrolls of acquirement
 11188 | Lair:2   | Acquired 934 gold pieces
 11190 | Lair:2   | Acquired 802 gold pieces
 11194 | IceCv    | Entered an ice cave
 11343 | IceCv    | Reached skill level 10 in Fighting
 11443 | IceCv    | Identified the +0 scale mail of Yfupti Roe {Int+4 Dex+3}
 11446 | IceCv    | Identified the +5 plate armour "Hasyifew" {rPois rF+ Int+4}
 12350 | Lair:3   | You fall into a shaft and drop 2 floors!
 12350 | Lair:5   | Entered Level 5 of the Lair of Beasts
 12350 | Lair:5   | Noticed a five-headed hydra
 12350 | Lair:5   | Found a staircase to the Slime Pits.
 12359 | Lair:5   | Killed a seven-headed hydra
 12360 | Lair:5   | Reached XP level 13. HP: 110/133 MP: 12/12
 12378 | Lair:5   | Reached skill level 12 in Unarmed Combat
 12401 | Lair:5   | Identified the +11 halberd of the Eye-covered God {flame,
                  | Fragile rElec rF+}
 12580 | Lair:3   | Found a staircase to the Snake Pit.
 12844 | Lair:3   | Found a dark tunnel.
 12888 | Volcano  | Entered a volcano
 13279 | Lair:3   | Found a staircase to the Shoals.
 13921 | Lair:4   | HP: 10/202 [13-headed hydra (6)]
 14181 | Lair:4   | Reached ****** piety under Wu Jian
 14982 | Lair:5   | Reached skill level 13 in Unarmed Combat
 15087 | Snake:1  | Entered Level 1 of the Snake Pit
 15100 | Snake:1  | Reached XP level 14. HP: 127/146 MP: 10/13
 15526 | Snake:1  | HP: 7/146 [salamander/arrow (10)]
 16492 | Snake:2  | Noticed a nagaraja
 16512 | Snake:2  | Killed a nagaraja
 17136 | D:12     | Noticed Nessos
 17145 | D:12     | Killed Nessos
 17146 | D:12     | Reached skill level 14 in Unarmed Combat
 17668 | D:12     | Found a runed translucent door.
 17671 | D:12     | Noticed jujuben's ghost (journeyman OpFE)
 17671 | D:12     | Identified the +0 spear "Ekacy" {freeze, Str+6}
 17698 | D:12     | HP: 6/149 [jujuben's ghost/fireball (12)]
 18047 | Orc:1    | Entered Level 1 of the Orcish Mines
 18586 | Orc:2    | Entered Level 2 of the Orcish Mines
 18618 | Orc:2    | Found a staircase to the Elven Halls.
 18899 | Orc:2    | Reached XP level 15. HP: 105/158 MP: 8/14
 18922 | Orc:2    | Reached skill level 15 in Unarmed Combat
 19091 | Orc:2    | Found Terchosonn's Weapon Shop.
 19091 | Orc:2    | Found Alaosuis's Magic Scroll Emporium.
 19091 | Orc:2    | Found Lunism's Magic Scroll Emporium.
 19091 | Orc:2    | Found Ezonkol's Weapon Boutique.
 19097 | Orc:2    | Bought a scroll of blinking for 90 gold pieces
 19476 | Orc:2    | Bought 2 scrolls of silence for 209 gold pieces
 19515 | Elf:1    | Entered Level 1 of the Elven Halls
 19679 | Elf:1    | Reached skill level 10 in Dodging
 20597 | Lair:5   | Reached skill level 16 in Unarmed Combat
 20790 | Lair:5   | Identified the +1 robe "Sifriuq" {-Tele Harm rC+ Regen+}
 21313 | Snake:3  | Noticed Aizul
 21336 | Snake:3  | Slain by a naga

Illustrated notes

Levels and vault maps discovered:
D:1:      lightli_arrival_quake, layout_basic,
          shapermc_ecumenical_altar_totnotflames, serial_corexii_hall,
          chequers_hall_statues_y, chequers_hall_statues_y,
          corexii_hall_statues_deadend, chequers_hall_statues_wall_a,
          st_stairs_13
D:2:      layout_rooms, uniq_natasha, uniq_crazy_yiuf_cottage
D:3:      due_chaos_kobolds, layout_loops_ring, lemuel_flame_loot_1,
          uniq_grinder
D:4:      kennysheep_goblin_castle, layout_layer_cave, nicolae_elemental_shop,
          kennysheep_generic_room_10, uniq_robin
D:5:      layout_loops_ring, minmay_temple_entry_proselytizer
D:6:      layout_basic, lemuel_coloured_pillars_altar, uniq_maggie
D:7:      layout_loops_ring
D:8:      layout_loops_ring, special_room [special_room_orc], uniq_maurice
D:9:      layout_grid_maze, hangedman_decor_growths
D:10:     layout_gridville, gammafunk_ghost_cemetery, minmay_lindwurm_lava
D:11:     layout_roguey, david_lair_shrubbed, erik_orc_2, serial_shops, shop,
          nicolae_shop_window_shopping, uniq_snorg, uniq_lodul, uniq_urug
D:12:     layout_irregular_city, ebering_ghost_funeral_grove, uniq_nessos
Temple:   grunt_wide_crystal_templ
Lair:1:   layout_gridlike, serial_bayou_shore_a, grunt_megastairs_2, uniq_grum,
          uniq_joseph
Lair:2:   layout_small_grid, portal_ice_cave_demonic_guard, serial_bayou_lake_a
Lair:3:   layout_cave_pods, minmay_shoals_entry_hut,
          minmay_snake_entry_guardpost_small, nicolae_volcano_entry_vermiform,
          minmay_holes
Lair:4:   layout_small_grid, grunt_megastairs_3, serial_bayou_shore_b,
          serial_bayou_shore_b
Lair:5:   minmay_lair_end_frog_pond, layout_gridlike,
          nicolae_slime_entry_field_trip, infiniplex_staircase_pool
Snake:1:  layout_rooms, nicolae_triple_integral
Snake:2:  layout_misc_corridors, nicolae_elevator_lobby_asterisk
Snake:3:  layout_basic, uniq_mlioglotl, uniq_aizul, uniq_vashnia, uniq_agnes
Orc:1:    layout_diamond_mine
Orc:2:    st_orc_ogre_mass, layout_caves, minmay_orc_temple_c
Elf:1:    nicolae_elf_arrival_fired_up, layout_geoelf_octagon,
          minmay_elf_demonology

Skill      XL: |  1  2  3  4  5  6  7  8  9 10 11 12 13 14 15 |
---------------+----------------------------------------------+-----
Shields        | 3 4 5 6 7 8 10 11 12 13 | 13.6
Fighting       | 3 4 5 6 7 8 9 10 11 12 13 | 13.4
Unarmed Combat | 3 4 5 7 8 9 10 11 13 14 16 | 16.1
Dodging        | 4 5 7 8 9 10 | 10.0

Action                     |  1- 3 |  4- 6 |  7- 9 | 10-12 | 13-15 || total
---------------------------+-------+-------+-------+-------+-------++-------
  Melee: Unarmed           |   113 |   188 |   359 |   905 |  1292 ||  2857
  Throw: Javelin           |       |     2 |       |       |       ||     2
         Boomerang         |       |       |       |       |    23 ||    23
 Invoke: Serpent's Lash    |       |       |       |       |     6 ||     6
         Heavenly Storm    |       |       |       |       |     1 ||     1
Ability: Lunge             |       |       |    19 |    61 |   111 ||   191
         Whirlwind         |       |       |    37 |   351 |   396 ||   784
         Wall Jump         |       |       |       |       |     6 ||     6
  Evoke: Wand              |       |       |       |     9 |     6 ||    15
         Tin of tremorston |       |       |       |       |     1 ||     1
    Use: Potion            |       |       |       |     1 |     5 ||     6
         Scroll            |       |       |       |    14 |    10 ||    24
   Stab: Sleeping          |       |       |     1 |       |       ||     1
         Petrified         |       |       |       |       |     4 ||     4
 Armour: Robe              |    30 |    34 |    78 |    42 |       ||   184
         Troll leather arm |       |       |       |   130 |   148 ||   278
         Skin              |       |       |       |       |    12 ||    12
  Dodge: Dodged            |    49 |   133 |   183 |   368 |   476 ||  1209
  Block: Kite shield       |    40 |    81 |   133 |   359 |   478 ||  1091
